[Event "Razuvaev Memorial 2020"]
[Site "Moscow"]
[Date "2020.11.06"]
[Round "1.2"]
[White "Nepomniachtchi, Ian"]
[Black "Motylev, Alexander"]
[Result "1-0"]
[ECO "A06"]
[WhiteElo "2785"]
[BlackElo "2618"]
[Annotator "ChessBase"]
[PlyCount "47"]
[EventDate "2020.11.06"]
[EventCountry "RUS"]
[SourceTitle "playchess.com"]
[Source "ChessBase"]
[SourceQuality "1"]
[TimeControl "300+3"]

1. Nf3 d5 2. e3 Nf6 3. b3 Bf5 4. c4 e6 5. Bb2 h6 6. Nc3 Be7 7. d4 O-O 8. Bd3 Bxd3 9. Qxd3 c5 10. dxc5 Na6 11. cxd5 Nxc5 12. Qd1 Nxd5 13. Nxd5 exd5 14. O-O Rc8 15. Rc1 Ne4 16. Rxc8 Qxc8 17. Qxd5 Bf6 18. Rc1 Qe6 19. Qxe6 fxe6 20. Bxf6 gxf6 21. Nd4 e5 22. Nf5 Kf7 23. f3 Ng5 24. Rc7+ 1-0

[Event "Razuvaev Memorial 2020"]
[Site "Moscow"]
[Date "2020.11.06"]
[Round "1.3"]
[White "Vladimir, Potkin"]
[Black "Boris, Gelfand"]
[Result "1/2-1/2"]
[ECO "E60"]
[WhiteElo "2664"]
[BlackElo "2922"]
[Annotator "ChessBase"]
[PlyCount "57"]
[EventDate "2020.11.06"]
[EventCountry "RUS"]
[SourceTitle "playchess.com"]
[Source "ChessBase"]
[SourceQuality "1"]
[TimeControl "300+3"]

1. Nf3 d5 2. e3 c5 3. b3 Nf6 4. Bb2 g6 5. c4 dxc4 6. Bxc4 Bg7 7. O-O O-O 8. d4 cxd4 9. Nxd4 Bd7 10. Nd2 Nc6 11. N2f3 Rc8 12. Qe2 Qa5 13. Rfd1 Nxd4 14. Nxd4 Rfd8 15. a4 a6 16. h3 Be8 17. Rac1 Ne4 18. Ne6 Rxd1+ 19. Rxd1 Bxb2 20. Qxb2 Qc3 21. Qxc3 Nxc3 22. Rd8 Rxd8 23. Nxd8 b5 24. Bd3 bxa4 25. bxa4 Nxa4 26. Bxa6 Nc5 27. Bc8 e6 28. Nb7 Nxb7 29. Bxb7 1/2-1/2

[Event "Razuvaev Memorial 2020"]
[Site "Moscow"]
[Date "2020.11.06"]
[Round "1.4"]
[White "Tomashevsky, Evgeny"]
[Black "Kobalia, Mikhail"]
[Result "1-0"]
[ECO "D45"]
[WhiteElo "2681"]
[BlackElo "2569"]
[Annotator "ChessBase"]
[PlyCount "67"]
[EventDate "2020.11.06"]
[EventCountry "RUS"]
[SourceTitle "playchess.com"]
[Source "ChessBase"]
[SourceQuality "1"]
[TimeControl "300+3"]

1. Nf3 d5 2. e3 Nf6 3. c4 c6 4. Nc3 e6 5. b3 Bd6 6. Bb2 O-O 7. Be2 Re8 8. d4 Nbd7 9. O-O b6 10. Rc1 Bb7 11. Re1 Rc8 12. Bf1 c5 13. cxd5 exd5 14. g3 Qe7 15. Bg2 c4 16. bxc4 Rxc4 17. Nd2 Rcc8 18. e4 dxe4 19. Ndxe4 Nxe4 20. Nxe4 Bb4 21. Re3 Rxc1 22. Qxc1 Rc8 23. Qb1 Qd8 24. h4 h6 25. d5 Bf8 26. Qd1 Nc5 27. Qg4 Nxe4 28. Bxe4 Qd6 29. h5 Re8 30. Bh7+ Kxh7 31. Qf5+ Kg8 32. Rxe8 Bxd5 33. Qe5 Kh7 34. Rxf8 1-0

[Event "Razuvaev Memorial 2020"]
[Site "Moscow"]
[Date "2020.11.06"]
[Round "2.1"]
[White "Vladimir, Kramnik"]
[Black "Kobalia, Mikhail"]
[Result "1/2-1/2"]
[ECO "A11"]
[WhiteElo "2837"]
[BlackElo "2590"]
[Annotator "RC"]
[PlyCount "86"]
[EventDate "2020.11.06"]
[EventCountry "RUS"]
[SourceTitle "playchess.com"]
[Source "ChessBase"]
[SourceQuality "1"]
[TimeControl "300+3"]

1. c4 c6 2. Nf3 d5 3. g3 Bg4 4. Ne5 Be6 5. cxd5 Bxd5 6. f3 Nd7 7. Nxd7 Qxd7 8. d4 Be6 9. Nc3 Nf6 10. e4 Bh3 11. Bxh3 Qxh3 12. Qe2 e6 13. Be3 Bb4 14. g4 h5 15. g5 Nd7 16. O-O-O Bxc3 17. bxc3 e5 18. dxe5 Nxe5 19. f4 Nd7 20. f5 O-O-O 21. Bd4 f6 22. Rhg1 Rhe8 23. gxf6 Nxf6 24. e5 Nd5 25. Qd3 Qxd3 26. Rxd3 Nf4 27. Rd2 c5 28. Be3 Nd3+ 29. Kc2 c4 30. e6 Rd5 31. Rf1 Rf8 32. Bd4 Rdxf5 33. Rxf5 Rxf5 34. Re2 Kd8 35. Bxg7 Ke7 36. Bd4 Ra5 37. Kd1 Rb5 38. Re4 Rb2 39. h4 Nf2+ 40. Bxf2 Rxf2 41. Rxc4 Rxa2 42. Rc7+ Kxe6 43. Rxb7 Ra4 1/2-1/2

[Event "Razuvaev Memorial 2020"]
[Site "Moscow"]
[Date "2020.11.06"]
[Round "2.2"]
[White "Gelfand, Boris"]
[Black "Tomashevsky, Evgeny"]
[Result "1/2-1/2"]
[ECO "E11"]
[WhiteElo "2693"]
[BlackElo "2681"]
[Annotator "ChessBase"]
[PlyCount "153"]
[EventDate "2020.11.06"]
[EventCountry "RUS"]
[SourceTitle "playchess.com"]
[Source "ChessBase"]
[SourceQuality "1"]
[TimeControl "300+3"]

1. d4 e6 2. c4 Bb4+ 3. Nd2 c5 4. a3 Bxd2+ 5. Qxd2 cxd4 6. Nf3 Nf6 7. Nxd4 d5 8. cxd5 Qxd5 9. f3 e5 10. Nc2 Qb3 11. e4 Nc6 12. a4 O-O 13. Ra3 Qe6 14. Be2 Rd8 15. Rd3 Rxd3 16. Qxd3 Qe7 17. O-O Be6 18. Be3 Rc8 19. Rc1 h6 20. Qa3 Qd8 21. Rd1 Qc7 22. b4 Na5 23. bxa5 Qxc2 24. Rd2 Qb1+ 25. Kf2 Qh1 26. Qe7 Qxh2 27. Rd8+ Rxd8 28. Qxd8+ Kh7 29. Bxa7 Nh5 30. Be3 Ng3 31. Qd1 Bh3 32. Qg1 Qxg1+ 33. Kxg1 Nxe2+ 34. Kf2 Bxg2 35. Kxe2 Bh3 36. Bb6 Bd7 37. Bc7 f6 38. Ke3 Bxa4 39. f4 exf4+ 40. Kxf4 Bd7 41. Bd8 Kg6 42. Kg3 Kf7 43. Kf4 Bc6 44. Ke3 h5 45. Kf4 Ke6 46. Ke3 Kf7 47. Kf4 Bd7 48. Kg3 g5 49. Kf3 Bc6 50. Ke3 Kg6 51. Be7 h4 52. Bd8 Kf7 53. Kd4 Ke6 54. Ke3 Kf7 55. Kd4 g4 56. Ke3 g3 57. Kf4 Bd7 58. Bb6 Ke6 59. Bd4 Kf7 60. Bb6 Kg6 61. Bd4 Bc6 62. Bb6 Bd7 63. Bd4 g2 64. Bf2 h3 65. Kg3 Kf7 66. Bd4 Bg4 67. Kh2 Ke6 68. Kg3 Ke7 69. Kh2 Be6 70. Kg3 Kf7 71. Kh2 Kg6 72. Kg3 Bd7 73. Kh2 Kg5 74. Kg3 Kh5 75. Kh2 Kg4 76. Bxf6 Kf4 77. Bd4 1/2-1/2

[Event "Razuvaev Memorial 2020"]
[Site "Moscow"]
[Date "2020.11.06"]
[Round "2.3"]
[White "Alexander, Motylev"]
[Black "Vladimir, Potkin"]
[Result "1-0"]
[ECO "C60"]
[WhiteElo "2701"]
[BlackElo "2635"]
[Annotator "ChessBase"]
[PlyCount "97"]
[EventDate "2020.11.06"]
[EventCountry "RUS"]
[SourceTitle "playchess.com"]
[Source "ChessBase"]
[SourceQuality "1"]
[TimeControl "300+3"]

1. e4 e5 2. Nf3 Nc6 3. Bb5 g6 4. d4 exd4 5. Bg5 Be7 6. Bxe7 Qxe7 7. O-O Nf6 8. Re1 O-O 9. Bxc6 dxc6 10. Qxd4 Bg4 11. Qe5 Rfe8 12. Qxe7 Rxe7 13. Nfd2 Rd8 14. f3 Be6 15. Nf1 Nd7 16. Nc3 Ne5 17. Ne3 b5 18. a3 a5 19. Rad1 Rb8 20. b3 Ree8 21. Rd2 Nd7 22. Red1 Nc5 23. Ne2 b4 24. a4 Kf8 25. Nd4 Bd7 26. Nc4 Ra8 27. Kf2 f6 28. Ne2 Be6 29. Ne3 Ke7 30. Nf4 Bf7 31. Nd3 Nxd3+ 32. Rxd3 Be6 33. g4 Kf7 34. f4 Re7 35. f5 Bc8 36. Kf3 Bb7 37. Rd7 Rae8 38. Rxe7+ Rxe7 39. Rd8 c5 40. Nd5 Bxd5 41. Rxd5 gxf5 42. gxf5 c6 43. Rxc5 Rd7 44. Rxa5 Rd2 45. Rc5 Rxh2 46. a5 h5 47. a6 Rd2 48. Rxc6 Rd7 49. Rb6 1-0

[Event "Razuvaev Memorial 2020"]
[Site "Moscow"]
[Date "2020.11.06"]
[Round "2.4"]
[White "Lautier, Joel"]
[Black "Nepomniachtchi, Ian"]
[Result "0-1"]
[ECO "D85"]
[WhiteElo "2658"]
[BlackElo "2785"]
[Annotator "ChessBase"]
[PlyCount "102"]
[EventDate "2020.11.06"]
[EventCountry "RUS"]
[SourceTitle "playchess.com"]
[Source "ChessBase"]
[SourceQuality "1"]
[TimeControl "300+3"]

1. d4 Nf6 2. c4 g6 3. Nc3 d5 4. cxd5 Nxd5 5. e4 Nxc3 6. bxc3 Bg7 7. Nf3 c5 8. Rb1 O-O 9. Be2 b6 10. O-O Qd7 11. Bg5 h6 12. Bh4 Ba6 13. Bxa6 Nxa6 14. Qe2 Nc7 15. dxc5 bxc5 16. Qc4 Rfd8 17. Qxc5 g5 18. Bg3 Ne6 19. Qf5 Rac8 20. h4 Rc5 21. e5 Nf4 22. Qxd7 Ne2+ 23. Kh2 Rxd7 24. hxg5 Nxg3 25. Kxg3 hxg5 26. Rb8+ Kh7 27. Nxg5+ Kg6 28. f4 Rxe5 29. Rg8 Re2 30. Nf3 Rd3 31. f5+ Kf6 32. Rh1 Rxc3 33. Rh7 Rcc2 34. Nh4 Rc3+ 35. Kh2 Re4 36. g3 Rg4 37. Rh6+ Bxh6 38. Rxg4 Ra3 39. Rc4 Bg5 40. Rc6+ Ke5 41. Rc5+ Kd6 42. Rc2 Ke5 43. Re2+ Kf6 44. Kh3 Bf4 45. Rg2 Kg5 46. Rg1 a5 47. Rg2 a4 48. Rg1 Be5 49. Rg2 Bd6 50. f6 exf6 51. Kh2 Kg4 0-1

[Event "Razuvaev Memorial 2020"]
[Site "Moscow"]
[Date "2020.11.06"]
[Round "3.2"]
[White "Potkin, Vladimir"]
[Black "Lautier, Joel"]
[Result "1/2-1/2"]
[ECO "E49"]
[WhiteElo "2443"]
[BlackElo "2658"]
[Annotator "ChessBase"]
[PlyCount "115"]
[EventDate "2020.11.06"]
[EventCountry "RUS"]
[SourceTitle "playchess.com"]
[Source "ChessBase"]
[SourceQuality "1"]
[TimeControl "300+3"]

1. d4 d5 2. c4 e6 3. Nc3 Bb4 4. e3 Nf6 5. a3 Bxc3+ 6. bxc3 O-O 7. cxd5 exd5 8. Bd3 c5 9. Ne2 Nc6 10. O-O Qa5 11. f3 Re8 12. Bd2 Qc7 13. Ng3 Be6 14. Rf2 Rac8 15. a4 b6 16. Bc1 cxd4 17. cxd4 Nb4 18. Bb5 Bd7 19. Bd2 a5 20. Bxb4 axb4 21. Bxd7 Qxd7 22. Nf1 Rc4 23. Rb2 Ra8 24. Nd2 Rc3 25. Rxb4 Qe7 26. Rxb6 Qxe3+ 27. Kh1 Rd3 28. Rb2 Qxd4 29. Qb1 g6 30. Nf1 Kg7 31. a5 Rxa5 32. Rxa5 Rd1 33. Ra1 Rxb1 34. Raxb1 h5 35. Rd2 Qe5 36. Rbd1 h4 37. Rd3 Qe2 38. h3 Qe5 39. Ne3 Nh5 40. Nxd5 Ng3+ 41. Kg1 Ne2+ 42. Kf2 Ng3 43. Ne3 Qf4 44. Rd4 Qf6 45. Nd5 Qe5 46. R1d2 Nh1+ 47. Kg1 Qe1+ 48. Kh2 Nf2 49. Rxf2 Qxf2 50. Re4 Qg3+ 51. Kh1 f5 52. Re7+ Kh6 53. Re2 Qd6 54. Rd2 Qc5 55. Kh2 Qd6+ 56. Kh1 Qg3 57. Re2 Qd6 58. Rd2 1/2-1/2

[Event "Razuvaev Memorial 2020"]
[Site "Moscow"]
[Date "2020.11.06"]
[Round "3.3"]
[White "Tomashevsky, Evgeny"]
[Black "Motylev, Alexander"]
[Result "1-0"]
[ECO "A06"]
[WhiteElo "2681"]
[BlackElo "2618"]
[Annotator "ChessBase"]
[PlyCount "77"]
[EventDate "2020.11.06"]
[EventCountry "RUS"]
[SourceTitle "playchess.com"]
[Source "ChessBase"]
[SourceQuality "1"]
[TimeControl "300+3"]

1. Nf3 d5 2. b3 Bg4 3. e3 Nd7 4. Bb2 e5 5. h3 Bh5 6. g4 Bg6 7. Nxe5 Nxe5 8. Bxe5 Be4 9. Rg1 Qe7 10. d4 O-O-O 11. Nd2 f6 12. Bg3 Qb4 13. c3 Qb6 14. Nxe4 dxe4 15. Qc2 Ne7 16. Qxe4 Nd5 17. Bc4 Nxc3 18. Qe6+ Kb8 19. Qxb6 axb6 20. Bd3 Ba3 21. Kd2 Nd5 22. Ke2 b5 23. Kf3 Nc3 24. h4 h6 25. Rh1 b4 26. Bf4 g5 27. hxg5 hxg5 28. Bg3 Bb2 29. Rag1 Nxa2 30. Rh5 Rxh5 31. gxh5 Rh8 32. Rh1 Rh6 33. Kg4 Nc3 34. f4 gxf4 35. Bxf4 Rh8 36. Bc4 Ne4 37. Kf5 Nd6+ 38. Bxd6 cxd6 39. h6 1-0

[Event "Razuvaev Memorial 2020"]
[Site "Moscow"]
[Date "2020.11.06"]
[Round "3.4"]
[White "Kobalia, Mikhail"]
[Black "Gelfand, Boris"]
[Result "1/2-1/2"]
[ECO "B30"]
[WhiteElo "2569"]
[BlackElo "2693"]
[Annotator "ChessBase"]
[PlyCount "69"]
[EventDate "2020.11.06"]
[EventCountry "RUS"]
[SourceTitle "playchess.com"]
[Source "ChessBase"]
[SourceQuality "1"]
[TimeControl "300+3"]

1. e4 c5 2. Nf3 Nc6 3. Bb5 e6 4. O-O Nge7 5. d4 cxd4 6. Nxd4 Ng6 7. Be2 Be7 8. c4 O-O 9. Nc3 b6 10. Be3 Bb7 11. Nxc6 Bxc6 12. Qd2 f5 13. exf5 Nh4 14. f3 Nxf5 15. Bf2 Bg5 16. Qd3 Bf4 17. Ne4 Qc7 18. g3 Be5 19. Rab1 d5 20. Ng5 Qe7 21. f4 dxc4 22. Qxc4 Bd5 23. Qa4 Bf6 24. Ne4 Rac8 25. Ba6 Rc7 26. Rfe1 Nd6 27. Nxf6+ Qxf6 28. Qd4 Qg6 29. Rbc1 Nf5 30. Rxc7 Nxd4 31. Bxd4 Rf7 32. Rc8+ Rf8 33. Rc7 Rf7 34. Rc8+ Rf8 35. Rc7 1/2-1/2

[Event "Razuvaev Memorial 2020"]
[Site "Moscow"]
[Date "2020.11.06"]
[Round "4.1"]
[White "Kramnik, Vladimir"]
[Black "Gelfand, Boris"]
[Result "1/2-1/2"]
[ECO "A30"]
[WhiteElo "2797"]
[BlackElo "2693"]
[Annotator "ChessBase"]
[PlyCount "83"]
[EventDate "2020.11.06"]
[EventCountry "RUS"]
[SourceTitle "playchess.com"]
[Source "ChessBase"]
[SourceQuality "1"]
[TimeControl "300+3"]

1. c4 c5 2. b3 Nf6 3. Bb2 Nc6 4. Nf3 d5 5. cxd5 Nxd5 6. Nc3 e5 7. e3 Nxc3 8. Bxc3 Bd6 9. Qc2 Qe7 10. Bd3 Bd7 11. Be4 g6 12. O-O f5 13. Bd5 O-O-O 14. d4 cxd4 15. exd4 e4 16. Ne5 Kb8 17. Bxc6 Bxc6 18. Nxc6+ bxc6 19. d5 cxd5 20. Bxh8 Rxh8 21. Rad1 Rd8 22. g3 Bc7 23. b4 d4 24. a4 d3 25. Qc4 Qd7 26. a5 Qd5 27. Qc1 Be5 28. Qh6 Bd4 29. b5 Qe5 30. b6 axb6 31. axb6 e3 32. Rxd3 exf2+ 33. Kg2 Qe4+ 34. Rf3 Bxb6 35. Qxh7 Rd3 36. Qg8+ Kb7 37. Qf7+ Kb8 38. Qf8+ Kb7 39. Qg7+ Kb8 40. Qg8+ Kb7 41. Qg7+ Kb8 42. Qg8+ 1/2-1/2

[Event "Razuvaev Memorial 2020"]
[Site "Moscow"]
[Date "2020.11.06"]
[Round "4.2"]
[White "Motylev, Alexander"]
[Black "Kobalia, Mikhail"]
[Result "1/2-1/2"]
[ECO "C48"]
[WhiteElo "2618"]
[BlackElo "2569"]
[Annotator "ChessBase"]
[PlyCount "47"]
[EventDate "2020.11.06"]
[EventCountry "RUS"]
[SourceTitle "playchess.com"]
[Source "ChessBase"]
[SourceQuality "1"]
[TimeControl "300+3"]

1. e4 e5 2. Nf3 Nc6 3. Bb5 Nf6 4. d3 Bc5 5. Nc3 O-O 6. Bxc6 dxc6 7. Qe2 Nd7 8. Bg5 f6 9. Be3 Bd6 10. O-O-O c5 11. Nh4 Nb8 12. Nf5 Nc6 13. Qg4 Bxf5 14. exf5 Nd4 15. Qe4 b5 16. Bxd4 cxd4 17. Nxb5 Kh8 18. c4 dxc3 19. Nxc3 Bc5 20. Qd5 Qe7 21. Qe6 Qd8 22. Qd5 Qe7 23. Qe6 Qd8 24. Qd5 1/2-1/2

[Event "Razuvaev Memorial 2020"]
[Site "Moscow"]
[Date "2020.11.06"]
[Round "4.3"]
[White "Lautier, Joel"]
[Black "Tomashevsky, Evgeny"]
[Result "0-1"]
[ECO "E16"]
[WhiteElo "2658"]
[BlackElo "2681"]
[Annotator "ChessBase"]
[PlyCount "126"]
[EventDate "2020.11.06"]
[EventCountry "RUS"]
[SourceTitle "playchess.com"]
[Source "ChessBase"]
[SourceQuality "1"]
[TimeControl "300+3"]

1. d4 Nf6 2. c4 e6 3. Nf3 b6 4. g3 Bb7 5. Bg2 Bb4+ 6. Bd2 a5 7. O-O O-O 8. Bg5 Be7 9. Nc3 Ne4 10. Bxe7 Qxe7 11. Qc2 Nxc3 12. Qxc3 d6 13. Rfe1 Nd7 14. e4 Rad8 15. b3 e5 16. a3 c5 17. d5 Nf6 18. b4 axb4 19. axb4 Ra8 20. Nd2 Rfb8 21. b5 Bc8 22. Ra3 Rxa3 23. Qxa3 Bb7 24. Ra1 Qd8 25. Qb2 Ra8 26. Bh3 h6 27. f3 Qb8 28. Ra3 Bc8 29. Bxc8 Qxc8 30. Qa1 Rxa3 31. Qxa3 Qb8 32. Qa6 g6 33. Nf1 Kg7 34. Ne3 h5 35. h4 Nd7 36. Kg2 Kf8 37. Kf2 Ke7 38. Ke2 Kd8 39. Kd3 Ke7 40. Qa1 Qf8 41. Qa7 Qb8 42. Qa1 Qf8 43. Qa7 f5 44. Ke2 f4 45. Ng2 fxg3 46. Qa1 Qg8 47. Qc1 Qa8 48. Qg5+ Kf7 49. Qxg3 Qa2+ 50. Ke1 Qxc4 51. Qg5 Nf6 52. Ne3 Qxb5 53. Nf5 gxf5 54. exf5 Qb1+ 55. Kf2 Qb2+ 56. Kg3 e4 57. Qg6+ Ke7 58. Qg7+ Kd8 59. Qf8+ Kc7 60. Qe7+ Nd7 61. f4 Qc3+ 62. Kh2 Qd2+ 63. Kh3 Qe3+ 0-1

[Event "Razuvaev Memorial 2020"]
[Site "Moscow"]
[Date "2020.11.06"]
[Round "5.2"]
[White "Tomashevsky, Evgeny"]
[Black "Nepomniachtchi, Ian"]
[Result "1-0"]
[ECO "A17"]
[WhiteElo "2681"]
[BlackElo "2785"]
[Annotator "ChessBase"]
[PlyCount "52"]
[EventDate "2020.11.06"]
[EventCountry "RUS"]
[SourceTitle "playchess.com"]
[Source "ChessBase"]
[SourceQuality "1"]
[TimeControl "300+3"]

1. Nf3 d5 2. e3 Nf6 3. c4 e6 4. Nc3 a6 5. b3 Bd6 6. Bb2 O-O 7. g3 c6 8. d4 Nbd7 9. Bg2 Ne4 10. O-O f5 11. Ne2 g5 12. Ne5 Qe8 13. f3 Nef6 14. Nc1 g4 15. Ncd3 gxf3 16. Bxf3 Ne4 17. Bxe4 dxe4 18. Nf4 Nf6 19. Kh1 b5 20. Rg1 Bxe5 21. dxe5 Ng4 22. Qe2 Ra7 23. h3 Nh6 24. Ba3 Rff7 25. Qh5 b4 26. Bxb4 Qd8 1-0

[Event "Razuvaev Memorial 2020"]
[Site "Moscow"]
[Date "2020.11.06"]
[Round "5.3"]
[White "Kobalia, Mikhail"]
[Black "Lautier, Joel"]
[Result "1/2-1/2"]
[ECO "B30"]
[WhiteElo "2569"]
[BlackElo "2658"]
[Annotator "ChessBase"]
[PlyCount "110"]
[EventDate "2020.11.06"]
[EventCountry "RUS"]
[SourceTitle "playchess.com"]
[Source "ChessBase"]
[SourceQuality "1"]
[TimeControl "300+3"]

1. e4 c5 2. Nf3 Nc6 3. Bb5 e6 4. O-O Nge7 5. d4 cxd4 6. Nxd4 Ng6 7. Be2 Qc7 8. c4 a6 9. Nxc6 dxc6 10. f4 Bc5+ 11. Kh1 O-O 12. e5 f6 13. exf6 gxf6 14. Nd2 f5 15. Qe1 Bd6 16. g3 Bd7 17. b3 Rae8 18. Bb2 e5 19. fxe5 Bxe5 20. Bxe5 Qxe5 21. Bf3 Qg7 22. Qf2 f4 23. Rae1 Ne5 24. Qg2 fxg3 25. Qxg3 Qxg3 26. hxg3 Nxf3 27. Rxe8 Rxe8 28. Nxf3 Re2 29. Re1 Rxa2 30. Re7 Bf5 31. Nd4 Bg6 32. Rxb7 Be4+ 33. Kg1 Rg2+ 34. Kf1 Rxg3 35. Re7 Rg4 36. Kf2 h5 37. Nf3 Rf4 38. Ke3 Rxf3+ 39. Kxe4 Rxb3 40. Rc7 h4 41. Rxc6 a5 42. c5 h3 43. Rh6 Kg7 44. Rh5 Kf6 45. c6 Ke6 46. Rh6+ Ke7 47. Kd5 Rb5+ 48. Kc4 Rb4+ 49. Kc5 Rb3 50. Rh7+ Kd8 51. Rh8+ Kc7 52. Rh7+ Kc8 53. Rh8+ Kc7 54. Rh7+ Kc8 55. Rh8+ Kc7 1/2-1/2

[Event "Razuvaev Memorial 2020"]
[Site "Moscow"]
[Date "2020.11.06"]
[Round "5.4"]
[White "Gelfand, Boris"]
[Black "Motylev, Alexander"]
[Result "1-0"]
[ECO "E11"]
[WhiteElo "2693"]
[BlackElo "2618"]
[Annotator "ChessBase"]
[PlyCount "57"]
[EventDate "2020.11.06"]
[EventCountry "RUS"]
[SourceTitle "playchess.com"]
[Source "ChessBase"]
[SourceQuality "1"]
[TimeControl "300+3"]

1. d4 Nf6 2. c4 e6 3. Nf3 d5 4. g3 Bb4+ 5. Bd2 Be7 6. Bg2 O-O 7. Qc2 Nbd7 8. Nc3 dxc4 9. Rd1 c6 10. h4 b5 11. Ne5 Nxe5 12. dxe5 Nd5 13. Ne4 f5 14. exf6 gxf6 15. b3 cxb3 16. axb3 Qb6 17. O-O e5 18. Rc1 Bg4 19. Bh6 Nb4 20. Bxf8 Nxc2 21. Bxe7 Nd4 22. Nxf6+ Kf7 23. Bc5 Nxe2+ 24. Kh2 Qc7 25. Nxg4 Nxc1 26. Rxc1 a5 27. Be3 Ra6 28. Bxc6 Kg7 29. Bh6+ 1-0

[Event "Razuvaev Memorial 2020"]
[Site "Moscow"]
[Date "2020.11.06"]
[Round "6.1"]
[White "Kramnik, Vladimir"]
[Black "Motylev, Alexander"]
[Result "1/2-1/2"]
[ECO "D02"]
[WhiteElo "2797"]
[BlackElo "2618"]
[Annotator "ChessBase"]
[PlyCount "96"]
[EventDate "2020.11.06"]
[EventCountry "RUS"]
[SourceTitle "playchess.com"]
[Source "ChessBase"]
[SourceQuality "1"]
[TimeControl "300+3"]

1. Nf3 d5 2. g3 g6 3. Bg2 Bg7 4. d4 Nf6 5. O-O O-O 6. c3 a5 7. Bf4 Bf5 8. Nbd2 c6 9. Nh4 Be6 10. e4 Nxe4 11. Nxe4 dxe4 12. Bxe4 Bd5 13. Qe2 e6 14. Nf3 Bxe4 15. Qxe4 a4 16. Qe2 Nd7 17. Rad1 Re8 18. h4 Qa5 19. Rfe1 Rad8 20. c4 h6 21. Qe3 Kh7 22. Kg2 Qf5 23. Bc7 Ra8 24. Ne5 Nxe5 25. dxe5 Qc2 26. Rd7 Qxc4 27. Qf3 Qxa2 28. h5 gxh5 29. Qxf7 Rg8 30. Qxh5 Qc4 31. Bd6 b5 32. Be7 Qc2 33. Bf6 Qf5 34. Qxf5+ exf5 35. Red1 b4 36. e6 Kg6 37. Bxg7 Rxg7 38. e7 Re8 39. Re1 a3 40. bxa3 bxa3 41. Ra7 Kf7 42. Re2 a2 43. Re5 Kf6 44. Rc5 Rgxe7 45. Rxc6+ Re6 46. Rxe6+ Rxe6 47. Rxa2 Kg6 48. Rc2 Rb6 1/2-1/2

[Event "Razuvaev Memorial 2020"]
[Site "Moscow"]
[Date "2020.11.06"]
[Round "6.4"]
[White "Potkin, Vladimir"]
[Black "Tomashevsky, Evgeny"]
[Result "0-1"]
[ECO "E18"]
[WhiteElo "2443"]
[BlackElo "2681"]
[Annotator "ChessBase"]
[PlyCount "134"]
[EventDate "2020.11.06"]
[EventCountry "RUS"]
[SourceTitle "playchess.com"]
[Source "ChessBase"]
[SourceQuality "1"]
[TimeControl "300+3"]

1. Nf3 Nf6 2. c4 b6 3. Nc3 Bb7 4. g3 e6 5. Bg2 Be7 6. O-O O-O 7. d4 Ne4 8. Bd2 d6 9. Qc2 Nxd2 10. Nxd2 c6 11. e3 Nd7 12. b4 Nf6 13. a4 d5 14. Rab1 Qd7 15. Rfc1 Rfb8 16. c5 bxc5 17. bxc5 Ba6 18. Nf3 Qc7 19. Na2 Bc4 20. Nb4 a5 21. Nxc6 Qxc6 22. Ne5 Qc8 23. Nxc4 dxc4 24. Bxa8 Rxa8 25. Qxc4 Nd5 26. e4 Nb4 27. d5 exd5 28. exd5 Bf6 29. Rb3 h5 30. h4 Qd8 31. d6 Rc8 32. Qb5 Rb8 33. Qc4 Rc8 34. Rd1 g6 35. Re3 Qd7 36. Qb5 Qxb5 37. axb5 Rxc5 38. d7 Rxb5 39. Rd6 Rb7 40. d8=Q+ Bxd8 41. Rxd8+ Kg7 42. Ra8 Rb5 43. Ra7 Nc6 44. Rc7 Ne5 45. Kg2 Rd5 46. Ra7 Nc6 47. Ra6 Ne5 48. Re4 Ng4 49. Rf4 Rb5 50. Ra7 Nh6 51. Ra4 Rb1 52. R7xa5 Ng4 53. Ra2 Rb6 54. Ra6 Rb5 55. Ra7 Rf5 56. Re2 Rf6 57. Ra3 Nh6 58. Rf3 Nf5 59. Re5 Ra6 60. Rf4 Ra2 61. Ree4 Rb2 62. Rb4 Ra2 63. Rfe4 Rc2 64. Ra4 Rb2 65. Ra7 Rc2 66. Rd7 Ra2 67. Rc4 Ne3+ 0-1

[Event "Razuvaev Memorial 2020"]
[Site "Moscow"]
[Date "2020.11.06"]
[Round "7.2"]
[White "Kobalia, Mikhail"]
[Black "Potkin, Vladimir"]
[Result "1-0"]
[ECO "C00"]
[WhiteElo "2569"]
[BlackElo "2443"]
[Annotator "ChessBase"]
[PlyCount "49"]
[EventDate "2020.11.06"]
[EventCountry "RUS"]
[SourceTitle "playchess.com"]
[Source "ChessBase"]
[SourceQuality "1"]
[TimeControl "300+3"]

1. e4 c5 2. Nf3 e6 3. g3 Nc6 4. Bg2 Nf6 5. Qe2 Be7 6. O-O O-O 7. e5 Nd5 8. Na3 d6 9. Nc4 dxe5 10. Ncxe5 Nxe5 11. Nxe5 Bf6 12. Re1 Nb4 13. Qd1 Qc7 14. Ng4 Be7 15. b3 f6 16. Ne3 Rd8 17. f4 Bf8 18. Bb2 Bd7 19. Qg4 e5 20. Qh4 Bc6 21. fxe5 Bxg2 22. exf6 Rxd2 23. fxg7 Be7 24. Nf5 Bxh4 25. Nh6# 1-0

[Event "Razuvaev Memorial 2020"]
[Site "Moscow"]
[Date "2020.11.06"]
[Round "7.4"]
[White "Motylev, Alexander"]
[Black "Lautier, Joel"]
[Result "1/2-1/2"]
[ECO "B30"]
[WhiteElo "2618"]
[BlackElo "2658"]
[Annotator "ChessBase"]
[PlyCount "96"]
[EventDate "2020.11.06"]
[EventCountry "RUS"]
[SourceTitle "playchess.com"]
[Source "ChessBase"]
[SourceQuality "1"]
[TimeControl "300+3"]

1. e4 c5 2. Nf3 Nc6 3. Bb5 e6 4. Bxc6 bxc6 5. d3 Ne7 6. Qe2 f6 7. e5 Ng6 8. h4 h5 9. Nbd2 Qc7 10. Nc4 Ba6 11. Qe4 Kf7 12. Bf4 Bxc4 13. dxc4 d5 14. exd6 Bxd6 15. Bxd6 Qxd6 16. Rd1 Qc7 17. O-O Rad8 18. g3 Rd7 19. Qe3 Rxd1 20. Rxd1 Qe7 21. Rd3 Rb8 22. b3 Rb7 23. Qe4 Rc7 24. Qe2 Kg8 25. Qd2 e5 26. Rd8+ Kf7 27. Qd6 Qxd6 28. Rxd6 Ke7 29. Rd1 Nf8 30. Ne1 Ne6 31. Ng2 Rd7 32. Rxd7+ Kxd7 33. Ne3 g6 34. c3 e4 35. Kg2 Kd6 36. f4 exf3+ 37. Kxf3 f5 38. Ng2 Ke5 39. Nf4 Nxf4 40. gxf4+ Kd6 41. b4 Kc7 42. Ke3 Kb6 43. Kd3 a5 44. a3 a4 45. Ke3 Kc7 46. Kd3 Kb6 47. Ke3 Kc7 48. Kd3 Kb6 1/2-1/2